 Dungeon Crawl Stone Soup version 0.24.0 (webtiles) character file.

Game seed: 849122594982931682, levelgen mode: deterministic

285 Ayyar the Chopper (level 6, -1/42 HPs)
             Began as a Demonspawn Gladiator on Apr 4, 2020.
             Was a Follower of Hepliaklqana.
             Slain by Grinder (6 damage)
             ... while paralysed by Grinder
             ... on level 4 of the Dungeon.
             The game lasted 00:14:01 (2886 turns).

Ayyar the Chopper (Demonspawn Gladiator)            Turns: 2886, Time: 00:14:02

Health: -1/42      AC: 12    Str: 16    XL:     6   Next: 7%
Magic:  6/6        EV:  2    Int: 10    God:    Hepliaklqana [*.....]
Gold:   154        SH:  0    Dex: 14    Spells: 5/5 levels left

rFire    . . .     SeeInvis .   a - +0 war axe
rCold    . . .     Gourm    .   (no shield)
rNeg     . . .     Faith    .   l - +0 chain mail
rPois    .         Spirit   .   c - +0 helmet
rElec    .         Reflect  .   (no cloak)
rCorr    .         Harm     .   (no gloves)
MR       .....                  (no boots)
Stlth    ..........             (no amulet)
HPRegen  0.14/turn              (no ring)
MPRegen  0.10/turn              (no ring)

@: paralysed
A: reduced essence, hooves 1, molten scales 2, powered by pain 1
a: Recall Ancestor, Ancestor Identity, Renounce Religion


You were on level 4 of the Dungeon.
You worshipped Hepliaklqana.
Hepliaklqana was aware of your devotion.
You were not hungry.

You visited 1 branch of the dungeon, and saw 4 of its levels.

You collected 154 gold pieces.

Inventory:

Hand Weapons
 a - a +0 war axe (weapon)
Missiles
 d - 3 throwing nets
 i - 43 poisoned darts (quivered)
Armour
 c - a +0 helmet (worn)
 l - a +0 chain mail (worn)
Jewellery
 r - an uncursed ring of wizardry
 t - an uncursed amulet of rage
Wands
 v - a wand of polymorph (9)
Scrolls
 g - a scroll of magic mapping {unknown}
 j - 3 scrolls of amnesia {unknown}
 m - 3 scrolls of identify
 o - 3 scrolls of teleportation {unknown}
 s - 4 scrolls of remove curse {unknown}
 w - a scroll of noise {unknown}
Potions
 b - 4 potions of agility
 e - a potion of ambrosia {unknown}
 h - a potion of mutation {unknown}
 n - 3 potions of lignification
 p - a potion of might {unknown}
 q - 2 potions of curing
 u - 2 potions of haste {unknown}
Comestibles
 f - 7 rations
 k - 6 chunks of flesh


   Skills:
 + Level 3.2 Fighting
 * Level 4.4 Axes
 + Level 3.0 Throwing
 + Level 0.6 Armour
 + Level 3.6 Dodging


You had 5 spell levels left.
You didn't know any spells.
Your spell library was empty.

Dungeon Overview and Level Annotations

Branches:
Dungeon (4/15)
 Temple: D:4-7

Altars:
Fedhas
Hepliaklqana
Trog
Yredelemnul

Shops:
D:4 =

Annotations:
D:4 Blork the orc, Grinder


Innate Abilities, Weirdness & Mutations

You have large cloven feet.
You are mostly covered in molten scales. (AC +3)
You sometimes gain a little power by taking damage.
Your life essence is reduced to manifest your ancestor. (-10% HP)


Message History

Grinder is moderately wounded.
Grinder gestures at you. Pain shoots through your body!
* * * LOW HITPOINT WARNING * * *
Tiberia hits Grinder but does no damage.
Grinder hits you but does no damage.
It was a potion of curing.
You feel better.
Tiberia hits Grinder but does no damage.
Grinder gestures at you.
You suddenly lose the ability to move!
Tiberia completely misses Grinder.
Grinder hits you.
* * * LOW HITPOINT WARNING * * *
You writhe in agony.
* * * LOW HITPOINT WARNING * * *
Tiberia closely misses Grinder.
Grinder hits you but does no damage.
Tiberia hits Grinder.
Grinder barely misses you.
Tiberia misses Grinder.
Grinder hits you.
* * * LOW HITPOINT WARNING * * *
You writhe in agony.
You die...

#...##########........# #.##.
##.## ######...#######.##+ #.#
##...........'∩ #.#
#.########.##+ ##.######### #.#
#.##. ............########.#
#.###
.#...................########.###
.#....############.(.............
##.#.## #.....R@###.########....
#.#..###...###5# #.# #####
##.#......_.#§#.# #.# #
#..#.####...###.# #.# # ####.#
#.......# .#. ########## #.#
######### # # .......... #.#
#####..## #.# #o.# #. #..##


You could see the friendly Tiberia the ancestor and Grinder.

Vanquished Creatures
  A bullfrog skeleton (D:3)
  An iguana (D:4)
  An orc wizard (D:4)
  A worker ant (D:4)
  4 gnolls (D:2)
  5 adders
  An ooze (D:3)
  3 worms
  2 dart slugs (D:1)
  3 leopard geckos
  7 orcs
  3 ball pythons
  10 bats
  A giant cockroach (D:2)
  6 goblins
  5 hobgoblins
  4 jackals (D:2)
  2 quokkas
  4 frilled lizards
  6 kobolds
  5 rats
75 creatures vanquished.

Vanquished Creatures (others)
  A wizard (D:4)
  An ancestor (D:4)
2 creatures vanquished.

Grand Total: 77 creatures vanquished

Notes
Turn   | Place    | Note
-------+----------+-------------------------------------------
     0 | D:1      | Ayyar the Demonspawn Gladiator began the quest for the Orb.
     0 | D:1      | Reached XP level 1. HP: 16/16 MP: 1/1
   198 | D:1      | Gained mutation: You are partially covered in molten
                  | scales. (AC +2) [demonic ancestry]
   198 | D:1      | Reached XP level 2. HP: 19/22 MP: 2/2
   258 | D:1      | Reached skill level 3 in Axes
   906 | D:2      | Gained mutation: You sometimes gain a little power by
                  | taking damage. [demonic ancestry]
   906 | D:2      | Reached XP level 3. HP: 28/28 MP: 3/3
   969 | D:2      | Gained mutation: You have large cloven feet. [demonic
                  | ancestry]
   969 | D:2      | Reached XP level 4. HP: 11/34 MP: 4/4
  1425 | D:2      | Found a blossoming altar of Fedhas.
  2047 | D:3      | Reached skill level 4 in Axes
  2047 | D:3      | Gained mutation: You are mostly covered in molten scales.
                  | (AC +3) [demonic ancestry]
  2047 | D:3      | Reached XP level 5. HP: 37/40 MP: 5/5
  2508 | D:3      | Found a faded altar of an unknown god.
  2544 | D:3      | Became a worshipper of Hepliaklqana the Forgotten
  2544 | D:3      | Reached * piety under Hepliaklqana
  2587 | D:4      | Found a basalt altar of Yredelemnul.
  2587 | D:4      | Noticed Blork the orc
  2767 | D:4      | Reached XP level 6. HP: 34/42 MP: 6/6
  2794 | D:4      | Found Cishriemi's Jewellery Emporium.
  2857 | D:4      | Found a bloodstained altar of Trog.
  2858 | D:4      | Noticed a wizard
  2864 | D:4      | Noticed Grinder
  2864 | D:4      | Killed a wizard
  2869 | D:4      | Paralysed by Grinder for 7 turns
  2882 | D:4      | Paralysed by Grinder for 7 turns
  2886 | D:4      | Slain by Grinder

Levels and vault maps discovered:
D:1:      shiori_arrival_whats_in_store_for_you, layout_basic
D:2:      layout_basic, fedhas_altar_3, first_ration,
          minmay_randomly_rotated_circles
D:3:      layout_basic, chequers_ecumenical_altar_simple
D:4:      kennysheep_spiral_hall, layout_loops_ring, kennysheep_little_box,
          serial_shops, nicolae_shop_behind_doors, trog_wizard,
          uniq_blork_the_orc, uniq_crazy_yiuf_cottage, uniq_menkaure,
          uniq_grinder
